 Dungeon Crawl Stone Soup version 0.30-a0-1082-g70414cbcbb (webtiles) character file.

Game seed: 9284007271476187831

16608 juan097 the Skirmisher (level 12, -2/76 HPs)
             Began as a Tengu Hunter on Apr 15, 2023.
             Was an Initiate of Gozag.
             Slain by a boulder beetle (13 damage)
             ... on level 13 of the Dungeon.
             The game lasted 00:59:07 (17187 turns).

juan097 the Skirmisher (Tengu Hunter)              Turns: 17187, Time: 00:59:09

Health: -2/76      AC: 13    Str:  9    XL:     12   Next: 39%
Magic:  13/13      EV: 19    Int:  9    God:    Gozag
Gold:   2021       SH:  0    Dex: 23    Spells: 11/11 levels left

rFire   + . .      SeeInvis .    b - +5 scimitar
rCold   + . .      Faith    .    (no shield)
rNeg    . . .      Spirit   .    i - +0 ring mail
rPois   +          Reflect  .    E - +2 hat "Agedamav" {rElec rPois Str-3}
rElec   +          Rampage  .    n - +0 cloak
rCorr   +                        (no gloves)
Will    +....                    (boots unavailable)
Stlth   ++++                     (no amulet)
HPRegen 0.32/turn                f - +4 ring of protection {=R}
MPRegen 0.13/turn                J - ring of willpower

@: resistant, flying quickly and evasively, hasted, very quick
A: beak, talons 3, nimble flight
a: Renounce Religion, Potion Petition, Call Merchant, Bribe Branch


You were on level 13 of the Dungeon.
You worshipped Gozag.
Gozag was most pleased with you.
You visited 1 branch of the dungeon, and saw 13 of its levels.
You also visited: Bailey.

You collected 3973 gold pieces.
You paid 1952 gold pieces to Gozag.

Inventory:

Hand Weapons
 a - a +0 shortbow
 b - a +5 scimitar (weapon)
 w - a +1 dagger of draining
 A - a +0 sling of freezing
 G - a +2 short sword of freezing
Missiles
 C - 10 poisoned darts
 F - 5 throwing nets
Armour
 c - a +0 leather armour
 i - a +0 ring mail (worn)
 n - a +0 cloak (worn)
 E - the +2 hat "Agedamav" (worn) {rElec rPois Str-3}
   (You acquired it on level 11 of the Dungeon)

   Str:       It affects your strength (-3).
   rElec:     It insulates you from electricity.
   rPois:     It protects you from poison.
Jewellery
 f - a +4 ring of protection (left hand) {=R}
 z - a ring of see invisible
 H - a +4 ring of protection
 J - a ring of willpower (right hand)
 M - a ring of ice
Wands
 B - a wand of digging (3)
 I - a wand of mindburst (5)
 O - a wand of paralysis (5)
Scrolls
 d - a scroll of vulnerability
 g - 2 scrolls of blinking
 h - 6 scrolls of immolation
 j - 2 scrolls of teleportation
 l - 3 scrolls of amnesia
 p - 2 scrolls of fear
 q - a scroll of enchant armour
 u - 3 scrolls of enchant weapon
 v - 2 scrolls of poison
 y - 2 scrolls of butterflies
 L - a scroll of noise {unknown}
 N - 2 scrolls of torment {unknown}
Potions
 e - 3 potions of haste
 k - 6 potions of curing
 m - 2 potions of mutation
 o - a potion of berserk rage
 r - a potion of degeneration {unknown}
 s - 2 potions of heal wounds
 t - 3 potions of lignification
 x - 3 potions of might
 D - 2 potions of magic
 K - a potion of invisibility {unknown}
 P - a potion of flight {unknown}


   Skills:
 + Level 9.1 Fighting
 - Level 4.0(6.0) Short Blades
 + Level 7.1(7.6) Long Blades
 + Level 12.8 Ranged Weapons
 - Level 6.0 Armour
 + Level 9.3 Dodging
 + Level 7.6 Stealth


You had 11 spell levels left.
You didn't know any spells.
Your spell library contained the following spells:

 Spells                   Type           Power      Damage    Failure   Level
 Apportation              Tloc           0%         N/A       69%         1
 Vhi's Electric Charge    Tloc/Air       0%         N/A       96%         3
 Alistair's Intoxication  Tmut/Pois      0%         N/A       100%        5
 Arcjolt                  Conj/Air       0%         1d10      100%        5
 Plasma Beam              Fire/Air       0%         2x1d11    100%        6


Dungeon Overview and Level Annotations

Branches:
Dungeon (14/15)            Temple (0/1) D:6             Orc (0/2) D:9
 Bailey (visited)
   Lair: D:8-11      Vaults: D:13-14

Altars:
Ashenzari
Gozag
Hepliaklqana
Okawaru
Sif Muna
Wu Jian
The Shining One
Lugonu

Shops:
D:8 [

Portals:
Trove: D:10 (give 7 scrolls of blinking)

Annotations:
D:10 2 transporters
D:13 Erolcha
D:14 exclusions: centaur and 2 centaur warriors


Innate Abilities, Weirdness & Mutations

You have a beak for a mouth.
You have claws for feet.
Your magical nature lets you fly swiftly and evasively.


Message History

You hit the boulder beetle.
You claw the boulder beetle, but do no damage.
The boulder beetle is heavily wounded.
The boulder beetle bites you!
You hit the boulder beetle but do no damage.
You peck the boulder beetle, but do no damage.
The boulder beetle is heavily wounded.
The boulder beetle misses you.
You hit the boulder beetle but do no damage.
The boulder beetle is heavily wounded.
The boulder beetle bites you!
You are too injured to fight recklessly!
You are too injured to fight recklessly!
You hit the boulder beetle but do no damage.
You peck the boulder beetle.
The boulder beetle is heavily wounded.
The boulder beetle misses you.
You completely miss the boulder beetle.
You claw the boulder beetle, but do no damage.
The boulder beetle is heavily wounded.
The boulder beetle bites you.
You hit the boulder beetle.
You claw the boulder beetle, but do no damage.
You peck the boulder beetle, but do no damage.
The boulder beetle is heavily wounded.
The boulder beetle misses you.
You hit the boulder beetle.
You claw the boulder beetle, but do no damage.
The boulder beetle is heavily wounded.
The boulder beetle bites you!!
* * * LOW HITPOINT WARNING * * *
[a] - 450 gold - resistance and invisibility [b] - 480 gold - haste and resistance [c] - 145 gold - heal wounds Purchase which effect?
You feel yourself speed up.
You feel protected. The boulder beetle bites you!
You die...
Your body crumbles into a pile of gold.

...... ...##
........# ...#
# #..(....
...## ..
#...... #...##
.###.....
###..# .......
##.## #...!
#..###### #..B#
##......#####@#
######.......#
#########


You could see a boulder beetle.

Vanquished Creatures
  5 two-headed ogres
  A manticore (D:11)
  An ugly thing (D:8)
  A cyclops (D:10)
  An unseen horror (D:11)
  A freezing wraith (D:14)
  A troll (D:11)
  9 slime creatures
  2 shadows (D:7)
  A vampire (D:9)
  2 wraiths
  18 yaks
  A wyvern (D:9)
  Grum (Bailey)
  2 vampire mosquitoes
  2 steam dragons
  An acid dragon (D:11)
  7 orc warriors
  2 sky beasts
  3 ice beasts
  2 black bears (D:11)
  4 ogres
  6 centaurs
  5 wolves (Bailey)
  A phantom (D:5)
  8 gnoll sergeants
  3 bullfrogs
  7 scorpions
  15 wights
  5 killer bees (D:9)
  2 jellies (D:6)
  9 orc priests
  6 hounds
  6 iguanas
  A sleepcap (D:7)
  6 gnoll boudas
  Ijyb (D:4)
  4 orc wizards
  Robin (D:4)
  25 gnolls
  6 adders
  3 white imps
  34 orcs
  6 endoplasms
  3 giant cockroaches
  23 goblins
  11 hobgoblins
  8 jackals
  11 kobolds
  3 quokkas
  5 ball pythons
  4 bats
  3 frilled lizards
  7 rats
  A spectral goblin (D:3)
307 creatures vanquished.

Vanquished Creatures (others)
  A vault guard (D:13)
  Blork the orc (D:5)
  A gnoll (D:7)
  16 fungi (D:11)
  19 plants
38 creatures vanquished.

Grand Total: 345 creatures vanquished

Notes
Turn   | Place    | Note
-------+----------+-------------------------------------------
     0 | D:1      | juan097 the Tengu Hunter began the quest for the Orb.
     0 | D:1      | Reached XP level 1. HP: 12/12 MP: 2/2
   185 | D:1      | Reached XP level 2. HP: 17/17 MP: 3/3
   210 | D:1      | Found a faded altar of an unknown god.
   219 | D:1      | Prayed at the altar of an unknown god.
   219 | D:1      | Became a worshipper of Gozag Ym Sagoz the Greedy
   501 | D:1      | Reached XP level 3. HP: 21/21 MP: 4/4
   563 | D:1      | Reached skill level 5 in Ranged Weapons
  1345 | D:2      | Noticed a scorpion
  1923 | D:3      | Reached XP level 4. HP: 26/26 MP: 5/5
  2095 | D:3      | Found a glowing golden altar of the Shining One.
  2153 | D:3      | Found an iron altar of Okawaru.
  2432 | D:3      | Found a hazy altar of Hepliaklqana.
  2491 | D:3      | Gained mutation: Your magical nature lets you fly swiftly
                  | and evasively. [Tengu growth]
  2491 | D:3      | Reached XP level 5. HP: 30/30 MP: 6/6
  2714 | D:4      | Noticed Robin
  2793 | D:4      | Killed Robin
  3055 | D:4      | Noticed Ijyb
  3070 | D:4      | Killed Ijyb
  3232 | D:3      | Reached skill level 6 in Ranged Weapons
  3232 | D:3      | Reached skill level 1 in Armour
  3504 | D:3      | Reached XP level 6. HP: 27/35 MP: 7/7
  3881 | D:4      | Reached skill level 7 in Ranged Weapons
  3881 | D:4      | Reached XP level 7. HP: 40/40 MP: 8/8
  4136 | D:5      | Entered Level 5 of the Dungeon
  4483 | D:5      | Reached skill level 8 in Ranged Weapons
  4810 | D:5      | Reached skill level 1 in Short Blades
  4896 | D:5      | Reached XP level 8. HP: 30/45 MP: 9/9
  5199 | D:5      | Noticed Blork the orc
  5212 | D:5      | Killed Blork the orc
  5230 | D:5      | Found a shimmering blue altar of Sif Muna.
  5618 | D:6      | Reached skill level 9 in Ranged Weapons
  5618 | D:6      | Found an ornate altar of the Wu Jian Council.
  6000 | D:6      | Reached skill level 10 in Ranged Weapons
  6008 | D:6      | Reached XP level 9. HP: 45/52 MP: 10/10
  6517 | D:6      | Found a staircase to the Ecumenical Temple.
  6838 | D:7      | Reached skill level 5 in Dodging
  6838 | D:7      | Reached skill level 5 in Stealth
  6839 | D:7      | Noticed a skeletal warrior
  7092 | D:7      | Reached skill level 5 in Fighting
  7247 | D:7      | Noticed a two-headed ogre
  7689 | D:6      | Reached XP level 10. HP: 27/59 MP: 11/11
  8007 | D:7      | Noticed a deep elf pyromancer
  8043 | D:7      | Noticed a two-headed ogre
  8298 | D:7      | Noticed a two-headed ogre
  8455 | D:8      | Found a flagged portal.
  8570 | Bailey   | Entered a bailey
  8759 | Bailey   | Reached skill level 11 in Ranged Weapons
  9150 | Bailey   | Noticed Grum
  9176 | Bailey   | Killed Grum
  9523 | D:7      | Noticed a red ugly thing
 10335 | D:8      | Reached skill level 1 in Long Blades
 10406 | D:8      | Found Obagil's Antique Armour Shoppe.
 10570 | D:8      | Noticed a white ugly thing
 10752 | D:8      | Killed a white ugly thing
 11109 | D:9      | Noticed a two-headed ogre
 11346 | D:8      | Reached XP level 11. HP: 34/67 MP: 12/12
 11514 | D:9      | Found a staircase to the Orcish Mines.
 11986 | D:8      | Killed a two-headed ogre
 11987 | D:8      | Reached skill level 12 in Ranged Weapons
 12295 | D:9      | Found a broken altar of Ashenzari.
 12703 | D:10     | Entered Level 10 of the Dungeon
 12720 | D:10     | Found a portal to a secret trove of treasure.
 12899 | D:10     | Reached skill level 5 in Long Blades
 13212 | D:10     | Found a transporter.
 13214 | D:10     | Found a transporter.
 13214 | D:10     | Noticed a white ugly thing
 13216 | D:10     | Found a corrupted altar of Lugonu.
 13513 | D:10     | Noticed a two-headed ogre
 13520 | D:10     | Killed a two-headed ogre
 14091 | D:11     | Noticed a two-headed ogre
 14146 | D:11     | Noticed a cyclops
 14217 | D:10     | Noticed a two-headed ogre
 14388 | D:9      | Killed a two-headed ogre
 14827 | D:9      | Killed a two-headed ogre
 15048 | D:11     | Noticed a manticore
 15059 | D:10     | Reached skill level 5 in Armour
 15246 | D:10     | Killed a cyclops
 15416 | D:10     | Reached XP level 12. HP: 75/75 MP: 13/13
 15524 | D:11     | Identified a scroll of acquirement
 15527 | D:11     | Acquired the +2 hat "Agedamav" {rElec rPois Str-3}
 15630 | D:11     | Noticed a two-headed ogre
 15640 | D:11     | Killed a two-headed ogre
 16218 | D:11     | You are sucked into a shaft and drop 3 floors!
 16389 | D:14     | Noticed a centaur warrior
 16492 | D:13     | Noticed Erolcha
 16562 | D:13     | Killed a vault guard
 16653 | D:14     | Noticed a centaur warrior
 17155 | D:13     | Noticed a boulder beetle
 17187 | D:13     | Slain by a boulder beetle

Illustrated notes

Levels and vault maps discovered:
D:1:      dpeg_chamrin_arrival_tetris, layout_basic,
          chequers_ecumenical_altar_simple
D:2:      layout_loops_corners, st_stairs_11, minmay_pentomino_u2
D:3:      layout_loops_cross, mainiacjoe_overflow_catwalk,
          nicolae_hepliaklqana_monster_ancestors, nicolae_overflow_crystal_walls
D:4:      layout_basic, kennysheep_generic_room_11, uniq_ijyb, uniq_robin
D:5:      layout_cave_pools, tgw_sif, serial_bayou_pond_b,
          kennysheep_generic_room_13
D:6:      layout_basic, old_standard_altar, minmay_temple_entry_enclosed_plants
D:7:      minmay_the_grid_triangle_9x9_recursive_2
          [minmay_the_grid_triangle_9x9_prize_top_heavy,
          minmay_the_grid_triangle_9x9_minimal,
          minmay_the_grid_triangle_9x9_intruding_spiral,
          minmay_the_grid_triangle_9x9_zippers_vertical], layout_basic,
          serial_bayou_pond_e, minivault_5
D:8:      layout_rooms, enter_bailey_3, serial_shops,
          nicolae_shop_advertising_works [nicolae_subvault_shop_adworks]
D:9:      layout_small_grid, kennysheep_mini, orc_0_dummy
D:10:     gammafunk_corrupted_shrine, layout_basic, enter_trove_1,
          minmay_misc_feat_alley
D:11:     layout_loops_cross, grunt_lair_entry_orc_guard_hut, minmay_puff
D:13:     layout_rooms, ximxim_vaults_locker_room,
          chequers_serial_rivers_room_a, uniq_erolcha, uniq_josephine
D:14:     layout_loops_ring, serial_rivers, chequers_serial_rivers_room_b,
          chequers_serial_rivers_marsh, chequers_serial_rivers_micro_b,
          chequers_serial_rivers_micro_d

Skill      XL: |  1  2  3  4  5  6  7  8  9 10 11 12 |
---------------+-------------------------------------+-----
Stealth        | 2 3 4 5 6 7 |  7.6
Ranged Weapons | 5 6 7 8 10 11 12 | 12.8
Armour         | 1 3 4 5 6 |  6.0
Short Blades   | 1 2 4 |  4.0
Dodging        | 4 5 7 8 9 |  9.3
Fighting       | 4 5 7 8 9 |  9.1
Long Blades    | 2 6 7 |  7.1

Action                     |  1- 3 |  4- 6 |  7- 9 | 10-12 || total
---------------------------+-------+-------+-------+-------++-------
  Melee: Short sword       |       |     2 |     5 |     2 ||     9
         Shortbow          |       |       |     1 |       ||     1
         Scimitar          |       |       |       |   280 ||   280
         Kick              |       |       |       |   109 ||   109
         Peck              |       |       |       |    71 ||    71
         Punch             |       |       |       |     7 ||     7
         Dagger            |       |       |       |     3 ||     3
   Fire: Shortbow          |   101 |    70 |   266 |   691 ||  1128
         Sling             |       |   122 |   185 |     4 ||   311
  Throw: Throwing net      |       |       |       |     5 ||     5
         Dart              |       |       |       |     3 ||     3
 Invoke: Potion Petition   |       |       |       |     5 ||     5
    Use: Scroll            |       |       |    10 |     9 ||    19
   Stab: Sleeping          |       |     2 |     1 |     3 ||     6
         Distracted        |       |       |       |     1 ||     1
 Armour: Leather armour    |     9 |       |       |       ||     9
         Ring mail         |     7 |    24 |    66 |   109 ||   206
         Skin              |       |       |       |     4 ||     4
  Dodge: Dodged            |    20 |    49 |   160 |   451 ||   680

Table legend: (Time is in decaauts)
 A = Elapsed time spent in this place.
 B = Non-inter-level travel time spent in this place.
 C = Inter-level travel time spent in this place.
 D = Time resting spent in this place.
 E = Time spent auto-exploring this place.
 F = Levels seen in this place.
 G = Mean time per level.
                   A        B        C        D        E       F      G
               +--------+--------+--------+--------+--------+-----+--------+
         Total |  16465 |  15239 |   1226 |    397 |   9708 |  14 | 1176.1 |
       Dungeon |  15719 |  14493 |   1226 |    397 |   9426 |  13 | 1209.2 |
        Bailey |    745 |    745 |      0 |      0 |    282 |   1 |  745.0 |
               +--------+--------+--------+--------+--------+-----+--------+

Top non-repeatable levels by time:
     D:6: 2058 daAuts
     D:9: 1703 daAuts
     D:8: 1567 daAuts
     D:5: 1557 daAuts
    D:10: 1548 daAuts
     D:4: 1302 daAuts
     D:7: 1081 daAuts
     D:2: 1065 daAuts
     D:3: 1051 daAuts
    D:11: 963 daAuts
     D:1: 906 daAuts
  Bailey: 745 daAuts
    D:14: 546 daAuts
    D:13: 367 daAuts
